 Dungeon Crawl Stone Soup version 0.31-a0-167-g1c394c0614 (webtiles) character file.

Game seed: 786119300162714072

242 IYTBazzie the Chucker (level 6, -1/34 HPs)
             Began as a Gargoyle Wanderer on June 14, 2023.
             Was an Initiate of Makhleb.
             Slain by a water moccasin (6 damage)
             ... on level 4 of the Dungeon.
             The game lasted 00:35:13 (2002 turns).

IYTBazzie the Chucker (Gargoyle Wanderer)           Turns: 2002, Time: 00:35:14

Health: -1/34      AC: 13    Str: 19    XL:     6   Next: 9%
Magic:  6/6        EV:  7    Int: 10    God:    Makhleb [......]
Gold:   194        SH:  7    Dex: 10    Spells: 5/5 levels left

rFire   . . .        v - +4 short sword
rCold   . . .        b - +2 buckler
rNeg    + . .        h - +0 chain mail
rPois   ∞            (no helmet)
rElec   +            (no cloak)
rCorr   .            (no gloves)
SInv    .            (no boots)
Will    .....        (no amulet) Stlth
                     (no ring)
HPRegen 0.25/turn    (no ring)
MPRegen 0.10/turn

%: no passive effects
@: no status effects
A: sickness immunity, AC +4, negative energy resistance 1, electricity
resistance, torment resistance 1, petrification resistance
a: Renounce Religion


You were on level 4 of the Dungeon.
You worshipped Makhleb.
Makhleb was noncommittal.
You visited 1 branch of the dungeon, and saw 5 of its levels.

You collected 194 gold pieces.

Inventory:

Hand Weapons
 a - a +0 short sword
 d - a +0 dagger
 g - a +0 club
 j - a +0 club
 k - a +0 dagger
 l - a +0 whip
 n - a +0 short sword
 o - a +1 dagger of electrocution
 p - a +0 club
 r - a +0 sling
 s - a +0 short sword
 v - a +4 short sword (weapon)
 w - a +0 spear
 y - a +0 falchion
 z - a +2 dagger of venom
 A - a +0 club
 D - a +0 dagger
 G - a +1 vampiric dagger
 I - a +0 short sword
 K - a +0 club
 M - a +0 hand axe
Missiles
 c - 16 poisoned darts (quivered)
 t - 3 stones
Armour
 b - a +2 buckler (worn)
 f - a +0 leather armour
 h - a +0 chain mail (worn)
 m - a +0 scale mail
 q - a +0 leather armour
 u - a +0 ring mail
 B - a +0 ring mail
 E - a +0 robe
 H - a +0 chain mail
 J - a +0 scale mail
 L - a +0 cloak
Scrolls
 i - 3 scrolls of teleportation


   Skills:
 + Level 1.5 Fighting
 + Level 1.8 Short Blades
 + Level 5.1 Throwing
 + Level 2.7 Armour
 + Level 0.6 Dodging
 + Level 5.0 Shields


You had 5 spell levels left.
You didn't know any spells.
Your spell library contained the following spells:

 Spells                   Type           Power      Damage    Failure   Level
 Ozocubu's Armour         Ice            0%         N/A       100%        3
 Ozocubu's Refrigeration  Ice            0%         4d7       100%        7


Dungeon Overview and Level Annotations

Branches:
Dungeon (5/15)
 Temple: D:4-7

Altars:
Makhleb
Qazlal

Annotations:
D:5 1 runed translucent door, Loveship's ghost, amateur HOFi


Innate Abilities, Weirdness & Mutations

You are immune to sickness and miasma.
Your stone body is resilient. (AC +4)
You are immune to poison.
You resist negative energy. (rN+)
You are resistant to electric shocks. (rElec)
You are resistant to unholy torment.
You are immune to petrification.


Message History

The water moccasin is moderately wounded.
You block the water moccasin's attack.
You miss the water moccasin.
The water moccasin is moderately wounded.
The water moccasin barely misses you.
You hit the water moccasin.
The water moccasin is moderately wounded.
The water moccasin barely misses you.
You hit the water moccasin.
The water moccasin is moderately wounded.
The water moccasin bites you but does no damage.
You block the water moccasin's attack.
You hit the water moccasin.
The water moccasin is moderately wounded.
You block the water moccasin's attack.
You hit the water moccasin but do no damage.
The water moccasin is moderately wounded.
The water moccasin bites you but does no damage.
You barely miss the water moccasin.
The water moccasin is moderately wounded.
The water moccasin bites you. The water moccasin closely misses you.
You hit the water moccasin.
The water moccasin is heavily wounded.
The water moccasin bites you.
* * * LOW HITPOINT WARNING * * *
You barely miss the water moccasin.
The water moccasin is heavily wounded.
The water moccasin bites you but does no damage.
You completely miss the water moccasin.
The water moccasin is heavily wounded.
The water moccasin barely misses you. You block the water moccasin's attack.
You barely miss the water moccasin.
The water moccasin is heavily wounded.
The water moccasin bites you.
* * * LOW HITPOINT WARNING * * *
Okay, then.
You hit the water moccasin.
The water moccasin is heavily wounded.
The water moccasin bites you.
You die...

### #............# ..##
#............## ...#
#.............## ...#
##..............##
..####................#
.####..##.............##
.###..####.............#
###..## ##............#
##..#..# ##...S@.......#
...#....# ###.........##
#........# ##.....####
##......... #######
#...........
............ #######
............ ##.....##
............# #.......#
............#
##.......###.


You could see a water moccasin.

Vanquished Creatures
  A gnoll bouda (D:5)
  An orc wizard (D:4)
  3 gnolls (D:5)
  10 adders
  2 worms (D:2)
  A dart slug (D:3)
  2 orcs (D:4)
  5 endoplasms
  3 giant cockroaches
  6 goblins
  3 hobgoblins
  5 kobolds
  2 quokkas
  12 ball pythons
  3 bats (D:2)
  A frilled lizard (D:2)
  4 rats
64 creatures vanquished.

Notes
Turn   | Place    | Note
-------+----------+-------------------------------------------
     0 | D:1      | IYTBazzie the Gargoyle Wanderer began the quest for the
                  | Orb.
     0 | D:1      | IYTBazzie set off with the following items: a +0 short
                  | sword, a +2 buckler, 11 poisoned darts, a +0 dagger, a
                  | potion of heal wounds, a +0 leather armour.
     0 | D:1      | Reached XP level 1. HP: 12/12 MP: 1/1
   279 | D:1      | Reached XP level 2. HP: 16/16 MP: 2/2
   411 | D:2      | Reached XP level 3. HP: 13/20 MP: 3/3
   612 | D:2      | Reached XP level 4. HP: 24/25 MP: 4/4
  1036 | D:3      | Found a stormy altar of Qazlal.
  1048 | D:3      | Reached skill level 1 in Armour
  1347 | D:3      | Reached XP level 5. HP: 29/29 MP: 5/5
  1467 | D:4      | Found a burning altar of Makhleb.
  1482 | D:4      | Became a worshipper of Makhleb the Destroyer
  1826 | D:5      | Entered Level 5 of the Dungeon
  1854 | D:5      | Noticed Loveship's ghost (amateur HOFi)
  1908 | D:5      | Reached skill level 5 in Throwing
  1934 | D:5      | Reached skill level 5 in Shields
  1937 | D:5      | Reached XP level 6. HP: 25/34 MP: 6/6
  1953 | D:5      | Found a runed translucent door.
  1972 | D:5      | Noticed a water moccasin
  2002 | D:4      | Slain by a water moccasin

Illustrated notes

Levels and vault maps discovered:
D:1:      pf_arrival_petrified_forest, layout_loops_cross,
          nicolae_concentric_dashed_squares_wild
D:2:      minmay_thinvault, layout_rooms, minmay_ruptured
D:3:      layout_basic, overflow_temple_1_default, minmay_snake_closets
D:4:      layout_cave_pods, lemuel_tele_altar
D:5:      layout_layer_cave, trog_wizard, mainiacjoe_overflow_divided_tiny,
          hellmonk_ghost_happy_afterlife

Skill      XL: |  1  2  3  4  5 |
---------------+----------------+-----
Throwing       | 4 5 |  5.1
Armour         | 1 2 |  2.7
Shields        | 5 |  5.0
Fighting       | |  1.5
Short Blades   | |  1.8
Dodging        | |  0.6

Action                     |  1- 3 |  4- 6 || total
---------------------------+-------+-------++-------
  Melee: Short sword       |    53 |   123 ||   176
         Dagger            |    24 |    12 ||    36
  Throw: Dart              |    23 |    50 ||    73
    Use: Scroll            |     3 |     3 ||     6
         Potion            |     2 |     7 ||     9
 Armour: Chain mail        |    36 |    55 ||    91
  Dodge: Dodged            |    17 |    53 ||    70
  Block: Buckler           |    15 |    56 ||    71

Table legend: (Time is in decaauts)
 A = Elapsed time spent in this place.
 B = Non-inter-level travel time spent in this place.
 C = Inter-level travel time spent in this place.
 D = Time resting spent in this place.
 E = Time spent auto-exploring this place.
 F = Levels seen in this place.
 G = Mean time per level.
                   A        B        C        D        E       F      G
               +--------+--------+--------+--------+--------+-----+--------+
         Total |   1953 |    655 |   1298 |    100 |      0 |   5 |  390.6 |
       Dungeon |   1953 |    655 |   1298 |    100 |      0 |   5 |  390.6 |
               +--------+--------+--------+--------+--------+-----+--------+

Top non-repeatable levels by time:
     D:2: 543 daAuts
     D:3: 476 daAuts
     D:4: 397 daAuts
     D:1: 382 daAuts
     D:5: 152 daAuts
